AoeStats
← COFFY

Arena

508356426Analyzed
4v4 RM · 10d ago on Sep 22, 2026· 44m 17s· 8 players
Game mode
Random Map
Map size
Large (8 player)
Population
200
Speed
Normal
Resources
Standard
Victory
Conquest
Starting age
Dark Age
Ending age
Imperial Age
RankedLock teamsTeams togetherTeam positionsShared explorationLock speedFull tech treeHidden civsTurbo modeCheats
Victory
Defeat
🇮🇳 Vietnamese · India
1100
+16
🇨🇳 Magyars · China
1082
+16
🇦🇷 Poles · Argentina
1067
+17
🇺🇸 Britons · United States
1051
+18
🇨🇱 Turks · Chile
1121
-18
🇺🇸 Cumans · United States
1114
-18
🇨🇱 Franks · Chile
1062
-16
🇨🇱 Inca · Chile
1058
-15
nas! ANDi
11:16 Feudal Age
15:37 Castle Age
20:59 Imperial Age
18:26 Double-Bit Axe
19:45 Bow Saw
20:16 Gold Mining
25:28 Loom
26:45 Horse Collar
30:09 Wheelbarrow
33:06 Padded Archer Armor
35:54 Leather Archer Armor
42:15 Conscription
wtfckkk
11:18 Feudal Age
11:55 Loom
15:36 Castle Age
13:28 Double-Bit Axe
15:37 Forging
16:41 Bow Saw
17:52 Husbandry
22:20 Scale Barding Armor
24:50 Iron Casting
25:24 Wheelbarrow
27:06 Hand Cart
27:03 Pikeman
27:44 Squires
29:39 Chain Barding Armor
32:27 Scale Mail Armor
32:54 Padded Archer Armor
32:52 Gold Mining
37:35 Chain Mail Armor
43:52 Imperial Age
DharasZ
5:30 Loom
9:49 Feudal Age
10:18 Double-Bit Axe
12:02 Horse Collar
17:43 Stone Mining
20:40 Wheelbarrow
22:21 Castle Age
21:38 Gold Mining
23:49 Hand Cart
23:54 Bow Saw
27:55 Forging
28:28 Gold Shaft Mining
28:15 Heavy Plow
32:13 Imperial Age
31:03 Forging
30:58 Scale Barding Armor
30:42 Town Watch
31:22 Ballistics
31:12 Masonry
30:58 Murder Holes
31:53 Town Patrol
31:44 Fletching
32:30 Iron Casting
32:50 Steppe Husbandry
33:11 Chain Barding Armor
32:52 Padded Archer Armor
33:16 Conscription
34:11 Two-Man Saw
34:10 Crop Rotation
33:56 Bloodlines
34:05 Caravan
33:56 Cavalier
37:15 Blast Furnace
36:51 Plate Barding Armor
36:27 Bodkin Arrow
36:47 Leather Archer Armor
37:52 Chemistry
37:32 Hoardings
37:03 Paladin
38:00 Elite Skirmisher
38:45 Thumb Ring
39:59 Thumb Ring
41:31 Ring Archer Armor
41:26 Light Cavalry
44:06 Elite Steppe Lancer
COFFY
12:00 Feudal Age
16:33 Castle Age
15:26 Double-Bit Axe
15:24 Horse Collar
16:41 Wheelbarrow
16:43 Stone Mining
16:43 Gold Mining
17:40 Bow Saw
19:13 Hand Cart
20:34 Heavy Plow
21:41 Gold Mining
22:28 Stone Shaft Mining
23:58 Squires
23:43 Arson
25:04 Pikeman
32:12 Imperial Age
29:35 Town Watch
30:36 Gold Shaft Mining
31:25 Ballistics
31:25 Andean Sling
34:21 Crop Rotation
33:57 Caravan
34:28 Coinage
34:08 Guilds
33:41 Elite Kamayuk
34:07 Halberdier
36:19 Chemistry
41:14 Elite Skirmisher
spencer.sounder
10:58 Feudal Age
13:13 Loom
14:49 Wheelbarrow
16:16 Castle Age
14:37 Double-Bit Axe
14:33 Horse Collar
17:41 Heavy Plow
25:12 Gold Mining
27:02 Stone Mining
27:26 Fletching
28:58 Bodkin Arrow
31:22 Ballistics
31:46 Padded Archer Armor
33:00 Wheelbarrow
32:37 Elite Skirmisher
34:02 Masonry
33:14 Pikeman
36:49 Caravan
38:03 Leather Archer Armor
37:59 Forging
42:00 Imperial Age
40:10 Squires
43:46 Bracer
44:22 Iron Casting
44:17 Ring Archer Armor
44:52 Chemistry
43:48 Murder Holes
44:23 Architecture
43:34 Treadmill Crane
vibhuyasha
0:36 Loom
10:33 Feudal Age
10:59 Horse Collar
17:38 Castle Age
15:32 Double-Bit Axe
18:49 Bow Saw
18:43 Heavy Plow
19:41 Fletching
19:51 Padded Archer Armor
21:37 Bodkin Arrow
24:28 Wheelbarrow
25:48 Ballistics
27:56 Thumb Ring
33:01 Imperial Age
33:24 Hand Cart
34:14 Paper Money
34:21 Paper Money
34:05 Bracer
34:20 Leather Archer Armor
35:40 Chemistry
34:44 Elite Rattan Archer
37:25 Caravan
41:54 Pikeman
42:35 Squires
42:20 Arson
42:49 Halberdier
43:32 Scale Mail Armor
43:43 Forging
44:04 Ring Archer Armor
陈乾
10:15 Feudal Age
14:07 Castle Age
11:58 Double-Bit Axe
15:29 Horse Collar
19:17 Wheelbarrow
21:47 Loom
22:42 Bow Saw
22:32 Heavy Plow
29:43 Imperial Age
27:06 Town Watch
27:35 Fletching
27:46 Padded Archer Armor
28:47 Gold Mining
28:47 Stone Mining
30:13 Bodkin Arrow
30:33 Leather Archer Armor
30:54 Conscription
31:21 Ballistics
32:02 Chemistry
31:35 Hand Cart
31:52 Thumb Ring
33:01 Bloodlines
32:51 Husbandry
33:19 Parthian Tactics
33:40 Gold Shaft Mining
34:16 Two-Man Saw
33:25 Siege Engineers
33:31 Masonry
34:46 Hoardings
34:41 Masonry
35:07 Crop Rotation
34:31 Heavy Cavalry Archer
36:36 Recurve Bow
36:52 Bracer
38:02 Elite Magyar Huszar
38:43 Corvinian Army
39:19 Ring Archer Armor
38:55 Scale Barding Armor
41:01 Treadmill Crane
41:16 Murder Holes
42:01 Light Cavalry
43:42 Chain Barding Armor
43:43 Caravan
44:50 Herbal Medicine
viber
10:48 Feudal Age
14:37 Castle Age
12:25 Double-Bit Axe
12:29 Horse Collar
16:30 Bow Saw
21:06 Heavy Plow
22:27 Wheelbarrow
23:34 Gold Mining
24:02 Hand Cart
23:56 Loom
28:01 Imperial Age
26:13 Scale Barding Armor
26:37 Forging
27:17 Bloodlines
28:06 Chain Barding Armor
27:49 Husbandry
27:15 Light Cavalry
28:33 Iron Casting
27:54 Stone Mining
28:50 Winged Hussar
31:26 Blast Furnace
31:33 Chemistry
34:10 Lechitic Legacy
34:13 Conscription
38:11 Szlachta Privileges
40:49 Cavalier
42:01 Crop Rotation
42:48 Capped Ram
43:52 Ballistics
43:40 Siege Engineers
43:56 Ballistics
43:17 Treadmill Crane
Connection lost

Rejoining the realm…

Still unreachable

The connection could not be restored.

Session expired

The server has moved on; the page needs a fresh start.